 Dungeon Crawl Stone Soup version 0.25-a0-474-ga8a2ee3166 (webtiles) character file.

Game seed: 7155324080159198278, levelgen mode: deterministic

188 sking99 the Sneak (level 5, 0/35 HPs)
             Began as a Vampire Enchanter on Feb 6, 2020.
             Was an Initiate of Kikubaaqudgha.
             Succumbed to a scorpion's poison
             ... on level 3 of the Dungeon.
             The game lasted 00:08:07 (3070 turns).

sking99 the Sneak (Vampire Enchanter)               Turns: 3070, Time: 00:08:08

Health: 0/35       AC:  3    Str:  7    XL:     5   Next: 39%
Magic:  1/8        EV: 13    Int: 18    God:    Kikubaaqudgha [......]
Gold:   75         SH:  0    Dex: 15    Spells: 5/8 levels left

rFire    . . .     SeeInvis +   a - +1 dagger
rCold    . . .     Gourm    .   (no shield)
rNeg     . . .     Faith    .   o - +0 robe (curse)
rPois    .         Spirit   .   e - +0 helmet
rElec    .         Reflect  .   (no cloak)
rCorr    .         Harm     .   (no gloves)
MR       .....                  (no boots)
Stlth    +++.......             (no amulet)
HPRegen  0.31/turn              (no ring)
MPRegen  0.11/turn              (no ring)

@: lethally poisoned (0 -> -46), flying, regenerating quickly
A: no food, fangs 3, see invisible, unbreathing
a: Exsanguinate, Renounce Religion


You were on level 3 of the Dungeon.
You worshipped Kikubaaqudgha.
Kikubaaqudgha was noncommittal.
You were alive.

You visited 1 branch of the dungeon, and saw 4 of its levels.

You collected 75 gold pieces.

Inventory:

Hand Weapons
 a - a +1 dagger (weapon)
Missiles
 g - 15 poisoned darts (quivered)
Armour
 b - a +0 robe
 e - a +0 helmet (worn)
 o - a cursed +0 robe (worn)
Scrolls
 c - 4 scrolls of remove curse {unknown}
 h - 3 scrolls of amnesia {unknown}
 i - 7 scrolls of identify {unknown}
 j - 2 scrolls of teleportation {unknown}
 m - a scroll of noise {unknown}
 p - a scroll of enchant weapon {unknown}
Potions
 f - a potion of brilliance {unknown}
 k - a potion of agility {unknown}
 n - a potion of berserk rage {unknown}


   Skills:
 * Level 3.4 Short Blades
 - Level 2.1 Dodging
 * Level 6.6 Stealth
 - Level 2.0 Spellcasting
 + Level 5.5 Hexes
 + Level 1.6 Ice Magic


You had 5 spell levels left.
You knew the following spells:

 Your Spells              Type           Power        Failure   Level  Hunger
a - Corona                Hex            ###....      1%          1    N/A
b - Ensorcelled Hibernat  Hex/Ice        ##....       6%          2    N/A

Your spell library contained the following spells:

 Spells                   Type           Power        Failure   Level  Hunger
 Confusing Touch          Hex            ###.....     5%          3    N/A
 Tukima's Dance           Hex            ###.....     5%          3    N/A
 Dazzling Flash           Conj/Hex       ##....       17%         3    N/A

Dungeon Overview and Level Annotations

Branches:
Dungeon (4/15)
 Temple: D:4-7

Altars:
Kikubaaqudgha
Makhleb
Nemelex Xobeh
Ru
Xom


Innate Abilities, Weirdness & Mutations

You do not eat.
Your natural rate of healing is unusually fast.
You have razor-sharp teeth.
You have supernaturally acute eyesight. (SInv)
You can survive without breathing.


Message History

You feel much better.
You feel sick. The scorpion stings you!
You are lethally poisoned!
The scorpion poisons you!
You closely miss the scorpion.
The scorpion is severely wounded.
You feel sick. The scorpion stings you!
* * * LOW HITPOINT WARNING * * *
You are more poisoned.
The scorpion poisons you!
You barely miss the scorpion. Your bite misses the scorpion.
The scorpion is severely wounded.
* * * LOW HITPOINT WARNING * * *
You feel sick. The scorpion stings you.
* * * LOW HITPOINT WARNING * * *
You are more poisoned.
The scorpion poisons you!
You hit the scorpion but do no damage.
The scorpion is severely wounded.
You die...
Kikubaaqudgha rasps: "You have failed me!
Welcome... death!"

#.....# ## #.#...#
###
######.###########..
#.......# #.....#.#
#.####.<# #.....#.#
#.......# #........
#..#.#..# #.....#.#
#..#.#..# #.....#.#
#..@(...##########..
##s#.#........# ###
#.#.#..#####.#
#>.)...#####.######
#......##.....%...#
#.#.##.##.##.####.#
#.#.##.##.##.# #..
#.#..........# ###
#.####.#######


You could see a scorpion.

Vanquished Creatures
  A centaur (D:3)
  2 adders
  An ooze (D:2)
  4 worms
  A dart slug (D:3)
  4 leopard geckos
  2 orcs (D:3)
  5 bats
  3 giant cockroaches
  10 goblins
  9 hobgoblins
  12 kobolds
  A quokka (D:2)
  6 frilled lizards
  9 rats
  A plant (D:2)
71 creatures vanquished.

Notes
Turn   | Place    | Note
-------+----------+-------------------------------------------
     0 | D:1      | sking99 the Vampire Enchanter began the quest for the Orb.
     0 | D:1      | Reached XP level 1. HP: 13/13 MP: 3/3
   214 | D:2      | Found a faded altar of an unknown god.
   271 | D:2      | Reached XP level 2. HP: 18/19 MP: 5/5
   404 | D:2      | Found an ancient bone altar of Kikubaaqudgha.
   420 | D:2      | Reached skill level 5 in Stealth
   535 | D:2      | Learned a level 2 spell: Ensorcelled Hibernation
   718 | D:2      | Reached XP level 3. HP: 24/24 MP: 6/6
   843 | D:2      | Found a shimmering altar of Xom.
  1319 | D:2      | Found a burning altar of Makhleb.
  1321 | D:2      | Found a sparkling altar of Nemelex Xobeh.
  1797 | D:1      | Reached XP level 4. HP: 30/30 MP: 0/7
  1936 | D:1      | Reached skill level 5 in Hexes
  2162 | D:3      | Reached skill level 1 in Ice Magic
  2576 | D:3      | Reached skill level 6 in Stealth
  2591 | D:3      | Noticed a centaur
  2593 | D:3      | Killed a centaur
  2593 | D:3      | Reached XP level 5. HP: 35/35 MP: 6/8
  2779 | D:3      | Found a sacrificial altar of Ru.
  2992 | D:2      | Became a worshipper of Kikubaaqudgha
  3070 | D:3      | Succumbed to a scorpion's poison

Levels and vault maps discovered:
D:1:      ebering_trefoil_twist, layout_loops_ring, kennysheep_doodads
D:2:      layout_basic, lemuel_doored_altar, nicolae_overflow_hidden_temple,
          chequers_ecumenical_altar_simple, lexackson_kobold_supper
D:3:      layout_loops_cross, hangedman_ru_absence
D:4:      layout_rooms, minmay_temple_entry_stoned_glass

Skill      XL: |  1  2  3  4 |
---------------+-------------+-----
Stealth        | 5 6 |  6.6
Short Blades   | 2 3 |  3.4
Hexes          | 5 |  5.5
Ice Magic      | 1 |  1.6
Dodging        | |  2.1
Spellcasting   | |  2.0

Action                   |  1- 3 |  4- 6 || total
-------------------------+-------+-------++-------
Melee: Dagger            |   163 |    86 ||   249
       Bite              |     7 |     6 ||    13
 Cast: Ensorcelled Hiber |    30 |    17 ||    47
       Corona            |     1 |       ||     1
  Use: Potion            |       |     4 ||     4
 Stab: Sleeping          |    23 |    16 ||    39
       Distracted        |     1 |       ||     1
Armor: Robe              |    42 |    13 ||    55
Dodge: Dodged            |   112 |    46 ||   158

Table legend:
 A = Non-vault XP
 B = Vault XP
 C = Vault XP percentage of total XP
 D = Non-vault monster count
 E = Vault monster count
 F = Vault count percentage of total count
                 A         B        C        D         E       F
            +---------+---------+-------+---------+---------+-------
      Total |     254 |      15 |   5.6 |      62 |       8 |  11.4
            +---------+---------+-------+---------+---------+-------
        D:1 |      28 |       0 |   0.0 |      17 |       0 |   0.0
        D:2 |      61 |      15 |  19.7 |      24 |       8 |  25.0
        D:3 |     165 |       0 |   0.0 |      21 |       0 |   0.0
            +---------+---------+-------+---------+---------+-------
